 Dungeon Crawl Stone Soup version 0.22-a0-779-g6f83d72c62 (webtiles) character file.

14482 DasRunzen the Grappler (level 11, -6/113 HPs)
             Began as a Troll Berserker on July 19, 2018.
             Was a High Priest of Trog.
             Splashed by an oklob plant's acid (11 damage)
             ... on level 3 of the Lair of Beasts.
             The game lasted 00:27:03 (9029 turns).

DasRunzen the Grappler (Troll Berserker)            Turns: 9029, Time: 00:27:04

Health: -6/113     AC: 10    Str: 25    XL:     11   Next: 89%
Magic:  10/10      EV: 19    Int: 13    God:    Trog [*****.]
Gold:   715        SH:  0    Dex: 11    Spells: 10/10 levels left

rFire    . . .     SeeInvis .     - Unarmed
rCold    . . .     Gourm    +   (no shield)
rNeg     + + .     Faith    +   a - +1 animal skin
rPois    +         Spirit   .   (helmet restricted)
rElec    .         Reflect  .   o - +2 cloak
rCorr    .         Harm     .   (gloves unavailable)
MR       .....                  (boots unavailable)
Stlth    +.........             y - amulet of faith
HPRegen  0.68/turn              h - +5 ring of evasion
MPRegen  0.12/turn              z - ring "Laqi" {rPois rN++ Str-4 Int+9 Dex+2}

@: lethally poisoned (-6 -> -44), berserk cooldown, slowed, very slow
A: large, unfitting armour, claws 3, fast metabolism 3, gourmand, regeneration
1, shaggy fur 1, tough skin 2
a: Berserk, Trog's Hand, Brothers in Arms, Renounce Religion


You were on level 3 of the Lair of Beasts.
You worshipped Trog.
Trog was extremely pleased with you.
You were hungry.

You visited 2 branches of the dungeon, and saw 12 of its levels.
You also visited: Ossuary.

You collected 715 gold pieces.

Inventory:

Hand Weapons
 n - a +4 arbalest of flaming
Armour
 a - a +1 animal skin (worn)
 o - a +2 cloak (worn)
Jewellery
 e - an uncursed ring of protection from magic
 h - a +5 ring of evasion (left claw)
 k - an uncursed ring of positive energy
 x - a +3 amulet of reflection {unknown}
 y - an amulet of faith (around neck)
 z - the ring "Laqi" (right claw) {rPois rN++ Str-4 Int+9 Dex+2}
   (You found it on level 5 of the Dungeon)

   [ring of dexterity]

   It affects your strength (-4).
   It affects your intelligence (+9).
   It affects your dexterity (+2).
   It protects you from poison.
   It greatly protects you from negative energy.
 E - an uncursed ring of see invisible {unknown}
 F - a cursed -2 ring of evasion
 H - an uncursed amulet of guardian spirit {unknown}
Wands
 q - a wand of digging (7)
 D - a wand of flame (56)
 G - a wand of acid (7)
Scrolls
 j - 10 scrolls of remove curse
 w - 4 scrolls of magic mapping
 A - a scroll of blinking
 B - a scroll of teleportation
 C - 2 scrolls of fog
Potions
 c - 4 potions of haste
 d - 3 potions of heal wounds
 f - a potion of might
 g - a potion of magic
 i - 2 potions of berserk rage
 l - 4 potions of flight
 m - 6 potions of curing
 p - 2 potions of mutation
 r - 2 potions of resistance
 s - a potion of lignification
 v - a potion of brilliance
 I - a potion of cancellation
Comestibles
 b - 25 rations


   Skills:
 + Level 8.9 Fighting
 + Level 8.5 Armour
 + Level 8.9 Dodging
 + Level 10.6 Unarmed Combat


You had 10 spell levels left.
You didn't know any spells.
Your spell library was empty.

Dungeon Overview and Level Annotations

Branches:
Dungeon (9/15)             Temple (0/1) D:4            Lair (3/6) D:9
  Swamp: Lair:2-4    Shoals: Lair:2-4     Snake: Lair:2-4    Spider: Lair:2-4
    Orc: D:9-12

Altars:
Fedhas
Hepliaklqana
Sif Muna
Vehumet
Wu Jian
Xom
Yredelemnul

Shops:
D:8 (

Annotations:
Lair:3 exclusion: oklob plant


Innate Abilities, Weirdness & Mutations

You are too large for most types of armour.
You have claws for hands.
Your metabolism is lightning-fast.
You like to eat raw meat.
Your natural rate of healing is unusually fast.
You are covered in fur. (AC +1)
You have very tough skin. (AC +2)


Message History

You claw the oklob plant!
The oklob plant is heavily damaged.
You feel sick. The spiny frog stings you!
You are more poisoned.
The spiny frog poisons you! The spiny frog stings you!
* * * LOW HITPOINT WARNING * * *
The oklob plant spits acid at you. The splash of acid misses you.
You scratch the oklob plant.
The oklob plant is heavily damaged.
You feel very sick. The spiny frog stings you!
* * * LOW HITPOINT WARNING * * *
You are more poisoned.
The spiny frog poisons you! The oklob plant spits acid at you.
The splash of acid hits you!
* * * LOW HITPOINT WARNING * * *
You are splashed with acid!
The acid burns!
You die...

#....P........###
#......P......#.#
#..............#
#..............###
#................##
#.................#
#......<....F.....#
..P[..><>..@P......
.......<..........#
..................#
....!...........###
..............###
.............).#
.......P......#.#
........($.....##


You could see an oklob plant and a spiny frog.

Vanquished Creatures
  A hydra (Lair:2)
  Erica (Lair:2)
  3 two-headed ogres
  An elephant (D:9)
  3 spiny frogs
  A rime drake (Lair:2)
  A polar bear (Lair:2)
  4 hippogriffs
  Sigmund (D:6)
  A vampire (D:9)
  A yak (D:9)
  3 fire bats (Lair:1)
  A basilisk (D:9)
  3 wyverns (D:9)
  4 water moccasins
  4 porcupines
  4 orc warriors
  3 sky beasts
  An eye of draining (D:9)
  5 ogres
  2 phantoms
  A necrophage (D:5)
  3 crocodiles
  4 centaurs
  7 bullfrogs
  A big kobold (D:8)
  A wyvern zombie (D:6)
  2 scorpions
  4 killer bees (D:9)
  6 crimson imps
  2 centaur zombies
  A human zombie (Ossuary)
  7 orc wizards
  6 hounds
  Crazy Yiuf (D:2)
  6 orc priests
  2 bullfrog zombies
  3 bullfrog skeletons
  A centaur skeleton (D:8)
  2 iguanas
  6 worker ants
  4 hell rats (Lair:2)
  2 big kobold zombies (Ossuary)
  4 ogre zombies (Ossuary)
  7 mummies (Ossuary)
  9 adders
  8 river rats (Lair:2)
  2 shadow imps
  An ooze (D:1)
  7 adder zombies (Ossuary)
  4 worms
  2 dart slugs (D:1)
  4 leopard geckos
  37 orcs
  4 ball pythons
  20 bats
  6 giant cockroaches
  A gnoll zombie (Ossuary)
  6 goblins
  6 hobgoblins
  10 jackals
  9 kobolds
  3 quokkas
  3 frilled lizards
  A goblin zombie (Ossuary)
  2 hobgoblin zombies (Ossuary)
  A jackal skeleton (D:4)
  4 kobold zombies (Ossuary)
  A leopard gecko skeleton (D:7)
  6 quokka zombies (Ossuary)
  9 rats
  A rat zombie (Ossuary)
  A spectral orc (D:9)
299 creatures vanquished.

Vanquished Creatures (collateral kills)
  A hydra (Lair:1)
  A wyvern (Lair:1)
2 creatures vanquished.

Grand Total: 301 creatures vanquished

Notes
Turn   | Place    | Note
-------+----------+-------------------------------------------
     0 | D:1      | DasRunzen the Troll Berserker began the quest for the Orb.
     0 | D:1      | Reached XP level 1. HP: 22/22 MP: 0/0
   270 | D:1      | Reached XP level 2. HP: 29/29 MP: 1/1
   474 | D:1      | Reached XP level 3. HP: 36/36 MP: 2/2
   633 | D:1      | Reached skill level 1 in Armour
   877 | D:2      | Found a shimmering altar of Xom.
   881 | D:2      | Reached ** piety under Trog
  1162 | D:2      | Reached XP level 4. HP: 37/44 MP: 3/3
  1228 | D:2      | Found a runed door.
  1513 | D:2      | Noticed Crazy Yiuf
  1525 | D:2      | Killed Crazy Yiuf
  1714 | D:3      | Noticed a bullfrog
  1729 | D:3      | Killed a bullfrog
  1729 | D:3      | Reached skill level 4 in Unarmed Combat
  1729 | D:3      | Reached XP level 5. HP: 45/53 MP: 4/4
  2117 | D:3      | Reached XP level 6. HP: 58/61 MP: 5/5
  2160 | D:3      | Reached *** piety under Trog
  2679 | D:4      | Found a staircase to the Ecumenical Temple.
  2726 | D:4      | Found an ornate altar of the Wu Jian Council.
  2773 | D:4      | Reached XP level 7. HP: 68/68 MP: 6/6
  2830 | D:4      | Reached skill level 5 in Unarmed Combat
  3195 | D:5      | Entered Level 5 of the Dungeon
  3275 | D:5      | Reached **** piety under Trog
  3278 | D:5      | Received a gift from Trog
  3289 | D:5      | Reached XP level 8. HP: 13/79 MP: 7/7
  3303 | D:5      | HP: 1/79 [orc warrior/battleaxe (18)]
  3433 | D:5      | Found a sand-covered staircase.
  3438 | Ossuary  | Entered an ossuary
  3869 | Ossuary  | Reached skill level 6 in Unarmed Combat
  3944 | D:5      | Got a fine tin ring
  3945 | D:5      | Identified the ring "Laqi" {rPois rN++ Str-4 Int+9 Dex+2} (You found it on level 5 of the Dungeon)
  3948 | D:5      | Reached skill level 8 in Unarmed Combat
  3948 | D:5      | Reached XP level 9. HP: 93/93 MP: 8/8
  4562 | D:6      | Reached ***** piety under Trog
  4899 | D:6      | Noticed Sigmund
  4909 | D:6      | Killed Sigmund
  5191 | D:7      | Reached XP level 10. HP: 72/102 MP: 9/9
  5323 | D:7      | Received a gift from Trog
  5480 | D:7      | Reached skill level 9 in Unarmed Combat
  5590 | D:7      | Found a deep blue altar of Sif Muna.
  5825 | D:8      | Found a deep blue altar of Sif Muna.
  5976 | D:8      | Noticed a two-headed ogre
  5983 | D:8      | Killed a two-headed ogre
  6481 | D:8      | Found Liqaun's Weapon Boutique.
  6534 | D:9      | Found a hazy altar of Hepliaklqana.
  6593 | D:9      | Found a blossoming altar of Fedhas.
  6626 | D:9      | Found a radiant altar of Vehumet.
  6626 | D:9      | Noticed a two-headed ogre
  6631 | D:9      | Killed a two-headed ogre
  6653 | D:9      | Found a staircase to the Lair.
  6653 | D:9      | Noticed an elephant
  6689 | D:9      | Killed an elephant
  6889 | D:9      | Noticed a two-headed ogre
  6897 | D:9      | Killed a two-headed ogre
  6897 | D:9      | Reached XP level 11. HP: 102/111 MP: 10/10
  7183 | D:9      | Found a basalt altar of Yredelemnul.
  7303 | Lair:1   | Entered Level 1 of the Lair of Beasts
  7334 | Lair:1   | Reached skill level 10 in Unarmed Combat
  7392 | Lair:1   | Found a dark tunnel.
  7640 | Lair:1   | Received a gift from Trog
  7661 | Lair:1   | Noticed a four-headed hydra
  7670 | Lair:1   | Killed a seven-headed hydra
  8272 | Lair:2   | Noticed a five-headed hydra
  8285 | Lair:2   | Killed an eight-headed hydra
  8608 | Lair:2   | Noticed Erica
  8616 | Lair:2   | Killed Erica
  9020 | Lair:3   | Noticed an oklob plant
  9029 | Lair:3   | HP: 5/113 [oklob plant/splash of acid (7)]
  9029 | Lair:3   | Splashed by an oklob plant's acid

Vault maps used:
D:1:      dpeg_arrival_radiant, minmay_tetromino_l2
D:2:      xom_teletrap_fun, serial_park_tiny_2, uniq_crazy_yiuf_cottage
D:3:      roderic_batcave
D:4:      kennysheep_mini_moat, minmay_temple_entry_statues, first_ration
D:5:      enter_ossuary_5, hangedman_abyss_or_decor_stabs
D:6:      uniq_sigmund
D:7:      kennysheep_orc_sif_temple
D:8:      led_sif_pool, serial_shops, nicolae_shop_stone, blue_anna_alchemist
D:9:      cheibrodos_barr_body, fiery_altar_vehumet,
          yredelemnul_forgotten_temple_becter, old_standard_altar,
          david_lair_generic, basic_altar
Lair:1:   nicolae_volcano_entry_batcave, grunt_megastairs_4
Lair:2:   kennysheep_abandoned_house, uniq_erica
Lair:3:   dpeg_oklob_shooting_range
Ossuary:  ossuary_boxes_badplayer

Skill      XL: |  1  2  3  4  5  6  7  8  9 10 11 |
---------------+----------------------------------+-----
Armour         | 1 2 3 6 7 8 |  8.5
Fighting       | 3 4 7 8 |  8.9
Dodging        | 3 4 7 8 |  8.9
Unarmed Combat | 4 5 8 9 10 | 10.6

Action                   |  1- 3 |  4- 6 |  7- 9 | 10-12 || total
-------------------------+-------+-------+-------+-------++-------
Melee: Unarmed           |   104 |   192 |   275 |   386 ||   957
       Punch             |     1 |     4 |     9 |    15 ||    29
Invok: Berserk           |       |     1 |     3 |     7 ||    11
       Trog's Hand       |       |       |     2 |     6 ||     8
       Brothers in Arms  |       |       |       |     1 ||     1
  Use: Scroll            |     3 |     5 |    14 |    10 ||    32
       Potion            |       |       |     1 |       ||     1
 Stab: Distracted        |     1 |       |       |       ||     1
  Eat: Chunk             |    14 |    18 |    21 |    30 ||    83
       Ration            |       |       |     1 |     2 ||     3
Armor: Animal skin       |    45 |    77 |    61 |    75 ||   258
Dodge: Dodged            |    51 |   103 |   129 |   270 ||   553

Table legend:
 A = Spawn XP
 B = Non-spawn XP
 C = Spawn XP percentage of total XP
 D = Spawn monster count
 E = Non-spawn monster count
 F = Spawn count percentage of total count
 G = Total turns spent on level
                    A         B        C        D         E        F      G
               +---------+---------+-------+---------+---------+-------+---------
         Total |       0 |   18737 |   0.0 |       0 |     301 |   0.0 |  9029
               +---------+---------+-------+---------+---------+-------+---------
           D:1 |       0 |      50 |   0.0 |       0 |      24 |   0.0 |   812
           D:2 |       0 |     119 |   0.0 |       0 |      20 |   0.0 |   805
           D:3 |       0 |     238 |   0.0 |       0 |      35 |   0.0 |   723
           D:4 |       0 |     676 |   0.0 |       0 |      23 |   0.0 |   855
           D:5 |       0 |     507 |   0.0 |       0 |      14 |   0.0 |   554
           D:6 |       0 |    1076 |   0.0 |       0 |      25 |   0.0 |   791
           D:7 |       0 |    1377 |   0.0 |       0 |      25 |   0.0 |   711
           D:8 |       0 |    1913 |   0.0 |       0 |      20 |   0.0 |   790
           D:9 |       0 |    5032 |   0.0 |       0 |      37 |   0.0 |   769
        Lair:1 |       0 |    3511 |   0.0 |       0 |      16 |   0.0 |   936
        Lair:2 |       0 |    3804 |   0.0 |       0 |      25 |   0.0 |   781
       Ossuary |       0 |     434 |   0.0 |       0 |      37 |   0.0 |   493
               +---------+---------+-------+---------+---------+-------+---------
